 Dungeon Crawl Stone Soup version 0.24.0-125-gc4c63601f3 (webtiles) character file.

Game seed: 11184484581941999246, levelgen mode: deterministic

179 LraC the Slinger (level 5, 0/34 HPs)
             Began as a Halfling Hunter on Mar 9, 2020.
             Slain by a white imp (3 damage)
             ... summoned by Natasha
             ... while paralysed by Grinder
             ... on level 3 of the Dungeon.
             The game lasted 00:10:44 (1831 turns).

LraC the Slinger (Halfling Hunter)                  Turns: 1831, Time: 00:10:45

Health: 0/34       AC:  3    Str: 18    XL:     5   Next: 90%
Magic:  5/5        EV:  3    Int: 10    God:
Gold:   162        SH:  0    Dex: 20    Spells: 4/4 levels left

rFire    . . .     SeeInvis .   a - +1 hunting sling
rCold    . . .     Gourm    .   (shield restricted)
rNeg     . . .     Faith    .   c - +0 leather armour
rPois    .         Spirit   .   (no helmet)
rElec    .         Reflect  +   (no cloak)
rCorr    .         Harm     .   (no gloves)
MR       .....                  (no boots)
Stlth    +++.......             i - +4 amulet of reflection
HPRegen  0.11/turn              m - +5 ring of strength
MPRegen  0.09/turn              (no ring)

@: paralysed, agile
A: small, mutation resistance 1
a: no special abilities


You were on level 3 of the Dungeon.
You were not hungry.

You visited 1 branch of the dungeon, and saw 3 of its levels.

You collected 162 gold pieces.

Inventory:

Hand Weapons
 a - a +1 hunting sling (weapon)
 b - a +0 short sword
Missiles
 g - 120 stones (quivered)
 k - 11 arrows
Armour
 c - a +0 leather armour (worn)
Jewellery
 i - a +4 amulet of reflection (around neck)
 l - an uncursed ring of resist corrosion
 m - a +5 ring of strength (left hand)
Scrolls
 h - 2 scrolls of remove curse
 n - a scroll of amnesia
 o - a scroll of teleportation
 p - a scroll of enchant weapon {unknown}
Potions
 e - 2 potions of curing
 j - a potion of might
Comestibles
 f - a ration


   Skills:
 + Level 2.2 Fighting
 + Level 9.2 Slings
 + Level 0.5 Armour
 + Level 2.2 Dodging
 + Level 1.3 Stealth


You had 4 spell levels left.
You didn't know any spells.
Your spell library was empty.

Dungeon Overview and Level Annotations

Branches:
Dungeon (3/15)

Altars:

Annotations:
D:3 Grinder, Natasha


Innate Abilities, Weirdness & Mutations

You are small and have problems with some larger weapons.
You are somewhat resistant to further mutation.


Message History

Grinder blinks!
Natasha misses you.
Firing (i - inventory)
g - 121 stones (quivered)
Press: ? - help, Shift-Dir - straight line, f/p - Grinder
Aim: Grinder (severely wounded)
You shoot a stone.
The stone hits Grinder but does no damage.
Grinder is severely wounded.
Grinder gestures at you.
You suddenly lose the ability to move!
Natasha claws you but does no damage.
Grinder blinks!
Natasha casts a spell.
Natasha claws you!
* * * LOW HITPOINT WARNING * * *
Grinder gestures at you.
You shrug off the repeated paralysis!
Natasha casts a spell.
Grinder blinks!
Natasha claws you.
* * * LOW HITPOINT WARNING * * *
The white imp hits you.
You die...

# ##.#.##.### #
#...<.#..((. #
#(.(........ #
#(§......!..
############....##((.
.............>(..#<#
#####.######..#..((###
#.######..#.#h...#
#####.†...##....@55#.#
.............5..#.## #
#####>....##.##...#
..........##..#....
######....##.......#
#....# ...(.. #......#
.#.#...# #.####.# .#.
...# #. .#


You could see Grinder, Natasha, a crimson imp and a white imp.

Vanquished Creatures
  Natasha (D:3)
  4 gnolls
  5 adders (D:2)
  A dart slug (D:1)
  A leopard gecko (D:1)
  6 orcs
  6 giant cockroaches
  9 goblins
  4 hobgoblins
  2 jackals (D:1)
  2 quokkas
  8 bats
  4 frilled lizards
  2 kobolds (D:1)
  11 rats
66 creatures vanquished.

Notes
Turn   | Place    | Note
-------+----------+-------------------------------------------
     0 | D:1      | LraC the Halfling Hunter began the quest for the Orb.
     0 | D:1      | Reached XP level 1. HP: 14/14 MP: 1/1
   143 | D:1      | Reached skill level 6 in Slings
   155 | D:1      | Reached XP level 2. HP: 19/19 MP: 2/2
   383 | D:1      | Reached skill level 7 in Slings
   383 | D:1      | Reached XP level 3. HP: 24/24 MP: 3/3
   872 | D:2      | Reached XP level 4. HP: 29/29 MP: 4/4
   940 | D:2      | Reached skill level 8 in Slings
  1255 | D:2      | Reached XP level 5. HP: 34/34 MP: 5/5
  1642 | D:3      | Reached skill level 9 in Slings
  1724 | D:3      | Noticed Natasha
  1729 | D:3      | Killed Natasha
  1799 | D:3      | Noticed Grinder
  1811 | D:3      | Noticed Natasha
  1817 | D:3      | Paralysed by Grinder for 5 turns
  1827 | D:3      | Paralysed by Grinder for 4 turns
  1831 | D:3      | Slain by a white imp

Levels and vault maps discovered:
D:1:      dpeg_arrival_three_bigger_balls, layout_loops_ring
D:2:      layout_loops_ring
D:3:      layout_basic, first_ration, uniq_natasha, uniq_grinder,
          uniq_crazy_yiuf_cottage

Skill      XL: |  1  2  3  4  5 |
---------------+----------------+-----
Slings         | 6 7 8 9 |  9.2
Fighting       | 2 |  2.2
Armour         | |  0.5
Dodging        | |  2.2
Stealth        | |  1.3

Action                   |  1- 3 |  4- 6 || total
-------------------------+-------+-------++-------
 Fire: Hunting sling     |    62 |   123 ||   185
  Use: Scroll            |     3 |     5 ||     8
       Potion            |     3 |     3 ||     6
  Eat: Ration            |       |     1 ||     1
Armor: Leather armour    |     1 |     1 ||     2
Dodge: Dodged            |     4 |     8 ||    12
Block: Other             |     1 |       ||     1
